 Dungeon Crawl Stone Soup version 0.29-a0-321-gf1c400731a (webtiles) character file.

Game seed: 14533165220024312053

568 Colgate the Slicer (level 7, 0/43 HPs)
             Began as a Kobold Brigand on Apr 5, 2022.
             Was a Follower of Fedhas.
             Slain by an orc wizard
             ... wielding a +1 dagger of freezing
              (2 damage)
             ... on level 4 of the Dungeon.
             The game lasted 00:12:00 (4356 turns).

Colgate the Slicer (Kobold Brigand)                 Turns: 4356, Time: 00:12:01

Health: 0/43       AC:  8    Str:  8    XL:     7   Next: 59%
Magic:  7/7        EV: 15    Int: 12    God:    Fedhas [*.....]
Gold:   209        SH:  0    Dex: 19    Spells: 6/6 levels left

rFire   . . .      SeeInvis +   a - +2 dagger
rCold   . . .      Faith    .   (no shield)
rNeg    . . .      Spirit   .   y - +0 robe
rPois   .          Reflect  .   m - +2 helmet
rElec   .          Harm     .   c - +0 cloak
rCorr   .          Rampage  .   i - +1 pair of gloves
Will    .....                   (no boots)
Stlth   +++++.....              (no amulet)
HPRegen 0.14/turn               I - ring of see invisible
MPRegen 0.10/turn               (no ring)

@: lethally poisoned (0 -> -6)
A: small, no large weapons, nightstalker 3
a: Renounce Religion


You were on level 4 of the Dungeon.
You worshipped Fedhas.
Fedhas was aware of your devotion.
You visited 1 branch of the dungeon, and saw 4 of its levels.

You collected 209 gold pieces.

Inventory:

Hand Weapons
 a - a +2 dagger (weapon)
 b - a +0 hunting sling
Missiles
 d - 12 poisoned darts (quivered)
 e - 2 curare-tipped darts
 g - 4 boomerangs
Armour
 c - a +0 cloak (worn)
 f - a +0 ring mail
 i - a +1 pair of gloves (worn)
 m - a +2 helmet (worn)
 w - a +0 leather armour
 y - a +0 robe (worn)
 G - the +3 chain mail of Odghit {*Corrode rPois MP+9 Str+3}
   (You found it on level 3 of the Dungeon)

   Str:       It affects your strength (+3).
   rPois:     It protects you from poison.
   MP:        It affects your magic capacity (+9).
   *Corrode:  It may corrode you when you take damage.
Jewellery
 I - a ring of see invisible (left hand)
Wands
 B - a wand of charming (8)
 F - a wand of paralysis (5)
Scrolls
 h - a scroll of silence {unknown}
 l - a scroll of holy word {unknown}
 q - 2 scrolls of teleportation {@r3}
 s - a scroll of summoning {unknown}
 u - a scroll of noise {unknown}
 x - a scroll of blinking {unknown}
 C - a scroll of enchant weapon {unknown}
 D - a scroll of fear {unknown}
 E - 2 scrolls of torment {unknown}
 H - a scroll of amnesia {unknown}
 J - a scroll of magic mapping {unknown}
Potions
 j - 2 potions of heal wounds {@q2}
 k - a potion of degeneration {unknown}
 n - a potion of ambrosia {unknown}
 o - 2 potions of flight
 p - a potion of berserk rage {unknown}
 r - 2 potions of mutation
 t - a potion of might {unknown}
 v - a potion of lignification {unknown}
 z - 3 potions of magic
 A - a potion of attraction {unknown}
 K - a potion of curing {unknown}


   Skills:
 - Level 4.0 Fighting
 - Level 8.0 Short Blades
 - Level 2.1 Throwing
 - Level 2.0 Dodging
 + Level 7.4 Stealth


You had 6 spell levels left.
You didn't know any spells.
Your spell library contained the following spells:

 Spells                   Type           Power      Damage    Failure   Level
 Ozocubu's Armour         Ice            0%         N/A       69%         3
 Ozocubu's Refrigeration  Ice            0%         4d5       100%        7


Dungeon Overview and Level Annotations

Branches:
Dungeon (4/15)
 Temple: D:4-7

Altars:
Fedhas

Shops:
D:4 =


Innate Abilities, Weirdness & Mutations

You are small and have problems with some larger weapons.
You are completely attuned to the shadows.


Message History

You feel sick.
You feel sick.
You hit the orc but do no damage.
You feel sick. The orc hits you but does no damage.
You hit the orc but do no damage. The orc barely misses you.
You closely miss the orc.
You feel sick.
You hit the orc but do no damage.
You feel sick. The orc closely misses you.
You hit the orc. You barely miss the orc.
You feel sick.
You are no longer poisoned.
The orc misses you.
You hit the orc but do no damage.
The orc wizard mumbles some strange words.
The orc wizard flickers and vanishes for a moment.
The orc misses you.
You hit the orc.
You kill the orc!
Fedhas appreciates your contribution to the ecosystem.
The scorpion stings you but does no damage.
The orc wizard hits you with a +1 dagger of freezing.
* * * LOW HITPOINT WARNING * * *
The orc wizard freezes you.
* * * LOW HITPOINT WARNING * * *
The scorpion misses you.
Things that are here:
a +0 hand axe; a +0 scale mail You hit the orc wizard.
The orc wizard misses you.
You barely miss the orc wizard. The scorpion stings you.
* * * LOW HITPOINT WARNING * * *
You are lethally poisoned!
The scorpion poisons you!
You hit the orc wizard but do no damage.
* * * LOW HITPOINT WARNING * * *
You feel sick.
The orc wizard hits you but does no damage.
The scorpion barely misses you.
You closely miss the orc wizard.
The orc wizard hits you with a +1 dagger of freezing.
You die...
Fedhas appreciates your contribution to the ecosystem.

##.......##................<#..
#........#.........##..........
##.........#.....####.#..##....
##...##.................##....
#...#...........>.....##.....
##..........##...............
#..##......###.........##...
######.........####.........##.#.
#.)............o@...........##...
..#####........s##.........##....
.. ####.....###)........#...#. ..
###.....#.............#. ##
###................###.
#...#..............###.
#...##.......#..#...##.
#....#.......####...#..
##.....###....<###.....


You could see a scorpion and an orc wizard (invisible).

Vanquished Creatures
  Sigmund (D:2)
  2 scorpions (D:4)
  A jelly (D:4)
  An orc priest (D:3)
  Crazy Yiuf (D:2)
  Natasha (thrice) (D:2)
  2 adders (D:2)
  2 worms (D:2)
  5 dart slugs
  6 orcs
  5 endoplasms
  3 giant cockroaches
  4 goblins
  6 hobgoblins
  A quokka (D:3)
  4 ball pythons
  5 bats
  3 frilled lizards (D:2)
  11 kobolds
  6 rats
72 creatures vanquished.

Vanquished Creatures (others)
  An orc wizard (D:4)
1 creature vanquished.

Grand Total: 73 creatures vanquished

Notes
Turn   | Place    | Note
-------+----------+-------------------------------------------
     0 | D:1      | Colgate the Kobold Brigand began the quest for the Orb.
     0 | D:1      | Reached XP level 1. HP: 12/12 MP: 1/1
   129 | D:1      | Reached skill level 3 in Short Blades
   210 | D:1      | Reached XP level 2. HP: 17/17 MP: 2/2
   648 | D:1      | Reached skill level 4 in Short Blades
   747 | D:1      | You fall into a shaft and drop 1 floor!
  1209 | D:2      | Reached XP level 3. HP: 21/21 MP: 3/3
  1477 | D:2      | Reached skill level 5 in Short Blades
  1675 | D:2      | Reached XP level 4. HP: 26/26 MP: 4/4
  1678 | D:2      | Noticed Sigmund
  1682 | D:2      | Killed Sigmund
  1683 | D:2      | Reached skill level 7 in Short Blades
  1683 | D:2      | Reached XP level 5. HP: 30/30 MP: 5/5
  1683 | D:2      | Reached XP level 6. HP: 35/35 MP: 6/6
  1732 | D:2      | Reached skill level 8 in Short Blades
  1799 | D:2      | Noticed Natasha
  1809 | D:2      | Killed Natasha
  1898 | D:2      | Found a runed translucent door.
  1901 | D:2      | Noticed Crazy Yiuf
  1906 | D:2      | Killed Crazy Yiuf
  2050 | D:2      | Noticed Natasha
  2057 | D:2      | Killed Natasha
  2064 | D:2      | Noticed Natasha
  2074 | D:2      | Killed Natasha
  2436 | D:2      | Found a faded altar of an unknown god.
  2462 | D:2      | Prayed at the altar of an unknown god.
  2462 | D:2      | Became a worshipper of Fedhas Madash
  2462 | D:2      | Reached * piety under Fedhas
  2703 | D:3      | Reached XP level 7. HP: 6/43 MP: 7/7
  3362 | D:3      | Identified the +3 chain mail of Odghit {*Corrode rPois MP+9
                  | Str+3}
  4169 | D:4      | Found Toich's Jewellery Emporium.
  4355 | D:4      | HP: 1/43 [poisoned by a scorpion]
  4356 | D:4      | Slain by an orc wizard

Illustrated notes

Levels and vault maps discovered:
D:1:      dpeg_arrival_stone_temple_mockup, layout_loops_corners
D:2:      layout_rooms, hellmonk_ecumenical_altar_inner_sanctum,
          chequers_serial_rivers_large_a, uniq_sigmund, uniq_crazy_yiuf_cottage,
          uniq_natasha
D:3:      layout_basic, hex_medium, nrook_uturn
D:4:      layout_cave_pools, serial_shops, shop, minmay_misc_feat_x

Skill      XL: |  1  2  3  4  5  6  7 |
---------------+----------------------+-----
Short Blades   | 3 4 5 7 8 |  8.0
Fighting       | 4 |  4.0
Dodging        | 2 |  2.0
Stealth        | 7 |  7.4
Throwing       | |  2.1

Action                   |  1- 3 |  4- 6 |  7- 9 || total
-------------------------+-------+-------+-------++-------
Melee: Dagger            |    77 |    68 |    83 ||   228
       Punch             |     1 |     2 |       ||     3
 Fire: Hunting sling     |       |       |     2 ||     2
Throw: Dart              |       |    12 |       ||    12
  Use: Scroll            |       |     3 |     5 ||     8
 Stab: Sleeping          |    15 |    13 |    11 ||    39
Armor: Ring mail         |    20 |     5 |       ||    25
       Robe              |       |       |    18 ||    18
Dodge: Dodged            |    26 |    15 |    38 ||    79

Table legend: (Time is in decaauts)
 A = Elapsed time spent in this place.
 B = Non-inter-level travel time spent in this place.
 C = Inter-level travel time spent in this place.
 D = Time resting spent in this place.
 E = Time spent auto-exploring this place.
 F = Levels seen in this place.
 G = Mean time per level.
                   A        B        C        D        E       F      G
               +--------+--------+--------+--------+--------+-----+--------+
         Total |   4290 |   4127 |    163 |    299 |   3034 |   4 | 1072.5 |
       Dungeon |   4290 |   4127 |    163 |    299 |   3034 |   4 | 1072.5 |
               +--------+--------+--------+--------+--------+-----+--------+

Top non-repeatable levels by time:
     D:2: 1325 daAuts
     D:1: 1322 daAuts
     D:3: 1006 daAuts
     D:4: 635 daAuts
